 Dungeon Crawl Stone Soup version 0.28.0-53-g5a82cb258f (webtiles) character file.

Game seed: 5245835589220458292

11 Sin92 the Skirmisher (level 2, -1/24 HPs)
             Began as a Demonspawn Fighter on June 8, 2022.
             Slain by an endoplasm (2 damage)
             ... on level 1 of the Dungeon.
             The game lasted 00:00:13 (274 turns).

Sin92 the Skirmisher (Demonspawn Fighter)            Turns: 274, Time: 00:00:14

Health: -1/24      AC:  6    Str: 16    XL:     2   Next: 13%
Magic:  2/2        EV:  9    Int:  9    God:
Gold:   13         SH:  4    Dex: 12    Spells: 1/1 levels left

rFire   . . .      SeeInvis .   a - +0 flail
rCold   . . .      Faith    .   c - +0 buckler
rNeg    . . .      Spirit   .   b - +0 scale mail
rPois   .          Reflect  .   (no helmet)
rElec   .          Harm     .   (no cloak)
rCorr   .          Rampage  .   (no gloves)
Will    .....                   (no boots)
Stlth   ..........              (no amulet)
HPRegen 0.08/turn               (no ring)
MPRegen 0.08/turn               (no ring)

@: no status effects
A: demonic magic 1
a: no special abilities


You were on level 1 of the Dungeon.
You visited 1 branch of the dungeon, and saw 1 of its levels.

You collected 13 gold pieces.

Inventory:

Hand Weapons
 a - a +0 flail (weapon)
Armour
 b - a +0 scale mail (worn)
 c - a +0 buckler (worn)
Scrolls
 e - a scroll of enchant weapon {unknown}
 f - a scroll of enchant armour {unknown}
Potions
 d - a potion of might
 g - a potion of lignification {unknown}


   Skills:
 + Level 3.1 Fighting
 + Level 2.0 Maces & Flails
 + Level 2.8 Armour
 + Level 0.4 Dodging
 + Level 2.8 Shields


You had one spell level left.
You didn't know any spells.
Your spell library was empty.

Dungeon Overview and Level Annotations

Branches:
Dungeon (1/15)

Altars:


Innate Abilities, Weirdness & Mutations

Spells you cast may paralyse adjacent enemies.


Message History

Unknown command.
You hit the goblin.
The goblin is severely wounded.
The frilled lizard closely misses you. The goblin hits you but does no damage.
The frilled lizard bites you but does no damage.
Unknown command.
You hit the goblin.
You kill the goblin!
The frilled lizard bites you but does no damage.
The frilled lizard barely misses you.
Unknown command.
Unknown command.
You miss the frilled lizard.
The frilled lizard closely misses you. x2
The frilled lizard completely misses you.
Unknown command.
You miss the frilled lizard. The frilled lizard barely misses you.
The frilled lizard bites you but does no damage. x2
Unknown command.
You miss the frilled lizard.
The frilled lizard barely misses you. x2
Unknown command.
You hit the frilled lizard.
You kill the frilled lizard!
The frilled lizard completely misses you.
The endoplasm closely misses you.
The frilled lizard bites you but does no damage.
Your Maces & Flails skill increases to level 2!
Unknown command.
Unknown command.
You hit the endoplasm.
The endoplasm is moderately wounded.
The frilled lizard bites you but does no damage.
The endoplasm hits you.
* * * LOW HITPOINT WARNING * * *
You hit the endoplasm.
The endoplasm is severely wounded.
The frilled lizard bites you.
* * * LOW HITPOINT WARNING * * *
The endoplasm hits you but does no damage.
You closely miss the frilled lizard. The endoplasm hits you.
You die...

.........# #####
.######..##########
...........)......#
#.#####..########.#
#..##### #
#......#.. .
#..#.....#
....###.#.....#
......l@.......
...####J#####.. #.#
# #.# #.# #.# ...
#.#


You could see an endoplasm and a frilled lizard.

Vanquished Creatures
  2 endoplasms (D:1)
  5 goblins (D:1)
  A kobold (D:1)
  A frilled lizard (D:1)
9 creatures vanquished.

Notes
Turn   | Place    | Note
-------+----------+-------------------------------------------
     0 | D:1      | Sin92 the Demonspawn Fighter began the quest for the Orb.
     0 | D:1      | Reached XP level 1. HP: 18/18 MP: 1/1
   264 | D:1      | Gained mutation: Spells you cast may paralyse adjacent
                  | enemies. [demonic ancestry]
   264 | D:1      | Reached XP level 2. HP: 4/24 MP: 2/2
   273 | D:1      | HP: 1/24 [frilled lizard (1)]
   274 | D:1      | Slain by an endoplasm

Illustrated notes

Levels and vault maps discovered:
D:1:      eino_arrival_cavern_b, layout_basic,
          ebering_ecumenical_altar_sacrificial, grunt_decor_cap,
          nrook_mini_backslash

Skill      XL: |  1  2 |
---------------+-------+-----
Maces & Flails | 2 |  2.0
Fighting       | |  3.1
Armour         | |  2.8
Dodging        | |  0.4
Shields        | |  2.8

Action                   || total
-------------------------++-------
Melee: Flail             ||    37
Armor: Scale mail        ||    22
Dodge: Dodged            ||    28
Block: Buckler           ||     7
